 Dungeon Crawl Stone Soup version 0.22.0-75-g3901e79 (webtiles) character file.

773 sbiou the Slasher (level 7, -11/55 HPs)
             Began as a Barachi Fighter on Sept 13, 2018.
             Mangled by an orc warrior
             ... wielding a +0 glaive
              (14 damage)
             ... on level 6 of the Dungeon.
             The game lasted 00:07:33 (4176 turns).

sbiou the Slasher (Barachi Fighter)                 Turns: 4176, Time: 00:07:35

Health: -11/55     AC: 10    Str: 20    XL:     7   Next: 83%
Magic:  7/7        EV:  9    Int:  8    God:
Gold:   210        SH: 10    Dex: 11    Spells: 6/6 levels left

rFire    . . .     SeeInvis +   a - +0 long sword
rCold    . . .     Gourm    .   c - +0 shield
rNeg     . . .     Faith    .   b - +0 scale mail
rPois    .         Spirit   .   (no helmet)
rElec    .         Reflect  .   h - +0 cloak {+Inv}
rCorr    .         Harm     .   o - +0 pair of gloves
MR       .....                  (no boots)
Stlth    ..........             (no amulet)
HPRegen  0.18/turn              d - ring of wizardry
MPRegen  0.10/turn              r - ring of see invisible

@: slowed, very slow
A: +LOS, swims, slowness 1, strong legs 1
a: Hop, Evoke Invisibility


You were on level 6 of the Dungeon.
You were very hungry.

You visited 1 branch of the dungeon, and saw 6 of its levels.

You collected 210 gold pieces.

Inventory:

Hand Weapons
 a - a +0 long sword (weapon)
Missiles
 x - 6 tomahawks of dispersal (quivered)
Armour
 b - a +0 scale mail (worn)
 c - a +0 shield (worn)
 e - a scarf of resistance
 h - a +0 cloak of invisibility (worn)
 o - a +0 pair of gloves (worn)
Jewellery
 d - a ring of wizardry (left hand)
 r - a ring of see invisible (right hand)
 y - an uncursed amulet of faith {unknown}
 z - a +1 ring of protection {unknown}
Wands
 n - a wand of enslavement (10)
 w - a wand of flame (22)
Scrolls
 f - a scroll of remove curse {unknown}
 g - 3 scrolls of magic mapping {unknown}
 i - a scroll of random uselessness {unknown}
 k - 2 scrolls of teleportation {unknown}
 l - 2 scrolls of identify {unknown}
 m - 2 scrolls of blinking {unknown}
 q - 2 scrolls of fog {unknown}
 s - a scroll of immolation {unknown}
 u - 2 scrolls of enchant armour {unknown}
 v - a scroll of noise {unknown}
Potions
 j - 5 potions of curing
 t - a potion of flight
 A - 4 potions of lignification {unknown}
Comestibles
 p - 5 rations


   Skills:
 + Level 4.7 Fighting
 + Level 6.6 Long Blades
 + Level 5.6 Armour
 + Level 2.7 Dodging
 + Level 1.1 Stealth
 + Level 5.3 Shields


You had 6 spell levels left.
You didn't know any spells.
Your spell library contained the following spells:

 Spells                   Type           Power        Failure   Level  Hunger
 Corona                   Hex            #......      82%         1    ##.....
 Ensorcelled Hibernation  Hex/Ice        #.....       91%         2    ###....
 Confuse                  Hex            #.......     99%         3    ####...
 Dazzling Spray           Conj/Hex       #.....       99%         3    ####...
 Tukima's Dance           Hex            #.......     99%         3    ####...


Dungeon Overview and Level Annotations

Branches:
Dungeon (5/15)
 Temple: D:4-7

Altars:
Gozag
Sif Muna
Trog
Vehumet


Innate Abilities, Weirdness & Mutations

Shadows flee at your approach. (+LOS)
You can swim through water.
You cover ground slowly.
You can hop short distances.


Message History

The crimson imp closely misses you. The ogre hits you with a giant club!
The orc warrior hits you from afar with a glaive!!
You slash the ogre!
The ogre is heavily wounded.
The orc wizard gestures wildly while chanting.
The orc wizard seems to speed up.
You block the crimson imp's attack.
A worker ant comes into view.
You block the ogre's attack.
A leopard gecko comes into view.
The orc warrior hits you from afar with a glaive!
* * * LOW HITPOINT WARNING * * *
The crimson imp misses you.
The worker ant twitches its antennae in your direction.
The leopard gecko hisses angrily.
You hit the ogre.
The ogre is heavily wounded.
You block the ogre's attack. The crimson imp barely misses you.
The orc wizard hits you but does no damage.
The orc warrior hits you from afar with a glaive!
You die...

............##..
#...........#..
..............
.............
$...........
...........
..........###
............######..
......>O@oo.o5a...o.
........5.#(#.......
...............####$
..............##
................
...............##
....>..........#
#l...............
...............##


You could see an orc warrior, an ogre, a worker ant, an orc priest, an orc
wizard, 2 crimson imps and a leopard gecko.

Vanquished Creatures
  Sigmund (D:2)
  A phantom (D:4)
  An ogre (D:4)
  A water moccasin skeleton (D:4)
  Crazy Yiuf (D:2)
  2 orc priests (D:4)
  2 iguanas
  2 orc wizards (D:4)
  6 gnolls
  6 adders
  A worm (D:3)
  2 dart slugs
  4 leopard geckos
  9 orcs
  2 ball pythons
  10 bats
  4 giant cockroaches
  9 goblins
  6 hobgoblins
  5 kobolds
  A quokka (D:2)
  2 frilled lizards
  A leopard gecko skeleton (D:4)
  8 rats
87 creatures vanquished.

Notes
Turn   | Place    | Note
-------+----------+-------------------------------------------
     0 | D:1      | sbiou the Barachi Fighter began the quest for the Orb.
     0 | D:1      | Reached XP level 1. HP: 18/18 MP: 1/1
   131 | D:1      | Reached XP level 2. HP: 25/25 MP: 2/2
   379 | D:1      | Reached XP level 3. HP: 29/30 MP: 3/3
   392 | D:1      | Reached skill level 3 in Long Blades
   980 | D:2      | Found a runed door.
  1144 | D:2      | Noticed Sigmund
  1171 | D:2      | HP: 1/30 [something (10)]
  1173 | D:2      | Killed Sigmund
  1173 | D:2      | Reached skill level 4 in Long Blades
  1173 | D:2      | Reached skill level 1 in Dodging
  1173 | D:2      | Reached XP level 4. HP: 2/37 MP: 4/4
  1173 | D:2      | Reached XP level 5. HP: 2/42 MP: 5/5
  1516 | D:2      | Reached XP level 6. HP: 49/49 MP: 6/6
  1689 | D:2      | Found a deep blue altar of Sif Muna.
  1692 | D:2      | Found a radiant altar of Vehumet.
  1695 | D:2      | Found a bloodstained altar of Trog.
  1850 | D:2      | Noticed Crazy Yiuf
  1856 | D:2      | Killed Crazy Yiuf
  1856 | D:2      | Reached skill level 1 in Stealth
  2324 | D:3      | Reached skill level 5 in Long Blades
  2561 | D:3      | Reached skill level 5 in Armour
  2928 | D:4      | Reached skill level 5 in Shields
  2962 | D:4      | Reached XP level 7. HP: 53/55 MP: 7/7
  3123 | D:4      | Found an opulent altar of Gozag.
  3208 | D:4      | Reached skill level 6 in Long Blades
  3958 | D:5      | Entered Level 5 of the Dungeon
  4168 | D:5      | You fall through a shaft!
  4176 | D:6      | Mangled by an orc warrior

Skill      XL: |  1  2  3  4  5  6  7 |
---------------+----------------------+-----
Armour         | 4 5 |  5.6
Long Blades    | 4 5 6 |  6.6
Fighting       | 4 |  4.7
Dodging        | 1 2 |  2.7
Shields        | 4 5 |  5.3
Stealth        | 1 |  1.1

Action                   |  1- 3 |  4- 6 |  7- 9 || total
-------------------------+-------+-------+-------++-------
Melee: Long sword        |   122 |   163 |   121 ||   406
  Use: Potion            |     6 |     3 |     1 ||    10
  Eat: Chunk             |     1 |     3 |     4 ||     8
       Ration            |       |     1 |       ||     1
Armor: Scale mail        |    65 |   105 |    38 ||   208
Dodge: Dodged            |    34 |    62 |    33 ||   129
Block: Shield            |    66 |   115 |    54 ||   235
       Rpst.: Long sword |     9 |    20 |     7 ||    36
